 Dungeon Crawl Stone Soup version 0.29-a0-22-gbf593b16ee (webtiles) character file.

Game seed: 4774434657356744239

153 HallandMoats the Skirmisher (level 5, -4/47 HPs)
             Began as a Ghoul Monk on Jan 29, 2022.
             Slain by Sigmund (9 damage)
             ... on level 2 of the Dungeon.
             The game lasted 00:02:35 (1349 turns).

HallandMoats the Skirmisher (Ghoul Monk)            Turns: 1349, Time: 00:02:36

Health: -4/47      AC: 10    Str: 17    XL:     5   Next: 35%
Magic:  5/5        EV:  5    Int:  5    God:
Gold:   20         SH:  0    Dex: 11    Spells: 4/4 levels left

rFire   . . .      SeeInvis .     - Unarmed
rCold   + . .      Faith    .   (no shield)
rNeg    + + +      Spirit   .   e - +0 plate armour
rPois   ∞          Reflect  .   (no helmet)
rElec   .          Harm     .   (no cloak)
rCorr   .          Rampage  .   (no gloves)
Will    .....                   (no boots)
Stlth   ..........              (no amulet)
HPRegen 0.00/turn               (no ring)
MPRegen 0.09/turn               (no ring)

@: inhibited regen
A: claws 1, cold resistance 1, negative energy resistance 3, inhibited
regeneration, torment resistance 2
a: no special abilities


You were on level 2 of the Dungeon.
You visited 1 branch of the dungeon, and saw 2 of its levels.

You collected 20 gold pieces.

Inventory:

Armour
 e - a +0 plate armour (worn)
Scrolls
 b - a scroll of vulnerability {unknown}
 c - a scroll of blinking {unknown}
 g - a scroll of fog {unknown}
 h - a scroll of magic mapping {unknown}


   Skills:
 * Level 4.4 Fighting
 + Level 1.4 Armour
 + Level 3.1 Dodging
 - Level 2.1 Stealth
 * Level 4.3 Unarmed Combat
 + Level 1.7 Invocations


You had 4 spell levels left.
You didn't know any spells.
Your spell library contained the following spells:

 Spells                   Type           Power      Damage    Failure   Level
 Slow                     Hex            0%         N/A       100%        1
 Sting                    Tmut/Pois      0%         1d3       100%        1
 Poisonous Vapours        Pois/Air       0%         N/A       100%        2
 Confusing Touch          Hex            0%         N/A       100%        3
 Inner Flame              Hex/Fire       0%         N/A       100%        3
 Vampiric Draining        Necr           0%         2d6       100%        3
 Olgreb's Toxic Radiance  Pois           0%         N/A       100%        4
 Borgnjor's Vile Clutch   Necr/Erth      0%         N/A       100%        5
 Enfeeble                 Hex            0%         N/A       100%        7


Dungeon Overview and Level Annotations

Branches:
Dungeon (2/15)

Altars:

Annotations:
D:2 1 runed translucent door, Crazy Yiuf, Sigmund


Innate Abilities, Weirdness & Mutations

You thrive by killing the living.
You are immune to poison.
You have sharp fingernails.
Your flesh is cold resistant. (rC+)
You are immune to negative energy. (rN+++)
You do not regenerate when monsters are visible.
You are immune to unholy pain and torment.


Message History

You bump into the rock wall.
Sigmund gestures at you while chanting. You resist with some effort.
Sigmund hits you with a +0 scythe!
You bump into the rock wall.
Sigmund points at you and mumbles some strange words.
You are more confused.
Sigmund hits you but does no damage.
You're too confused to move!
Sigmund points at you and mumbles some strange words.
The magic dart hits you but does no damage.
Sigmund points at you and mumbles some strange words.
The puff of flame hits you. Sigmund barely misses you.
You bump into the rock wall.
Sigmund hits you from afar with a +0 scythe!
Sigmund hits you but does no damage.
You bump into the rock wall.
Sigmund hits you from afar with a +0 scythe.
You bump into the rock wall.
Sigmund closely misses you.
You closely miss Sigmund.
Sigmund is lightly wounded.
Sigmund barely misses you.
You closely miss Sigmund.
Sigmund is lightly wounded.
You feel less confused.
You barely miss Sigmund.
Sigmund is lightly wounded.
Sigmund casts a spell.
Sigmund flickers and vanishes!
Deactivating autopickup; reactivate with Ctrl-A.
You scratch something. Something hits you.
You miss something. You closely miss something. Something hits you.
* * * LOW HITPOINT WARNING * * *
You scratch something. Something hits you!
* * * LOW HITPOINT WARNING * * *
You scratch something. You claw something! Something hits you!
You die...

#....#### #.# #.#
###..# #.# ###.#
...# #.# #...# ##.#
#.. #.### .# #(# .#
#.# .# #.#
#######.# #.#
..#####{@.....# #.#
#.........##### #.#
..#####.#!#######.#
#.#......##.#
########.##.#
#.##.# ###♣♣♣♣♣
#.##.# ###....♣.♣♣♣
### #.##.#
........♣..♣#...#
#)##.###


There were no monsters in sight!

Vanquished Creatures
  A black bear (D:2)
  An adder (D:2)
  A dart slug (D:2)
  An endoplasm (D:1)
  3 giant cockroaches
  7 goblins
  4 hobgoblins
  3 jackals (D:2)
  2 kobolds (D:1)
  6 quokkas
  8 ball pythons
  6 bats
  4 frilled lizards
  3 rats
50 creatures vanquished.

Notes
Turn   | Place    | Note
-------+----------+-------------------------------------------
     0 | D:1      | HallandMoats the Ghoul Monk began the quest for the Orb.
     0 | D:1      | Reached XP level 1. HP: 19/19 MP: 0/0
    32 | D:1      | Reached XP level 2. HP: 22/26 MP: 1/1
   518 | D:1      | Reached XP level 3. HP: 33/33 MP: 2/2
   834 | D:2      | Found a runed translucent door.
   835 | D:2      | Noticed Crazy Yiuf
   857 | D:2      | Found a faded altar of an unknown god.
   869 | D:2      | Reached skill level 1 in Invocations
   982 | D:2      | Noticed a black bear
   990 | D:2      | Killed a black bear
   991 | D:2      | Reached skill level 1 in Armour
   991 | D:2      | Reached XP level 4. HP: 41/41 MP: 2/4
   991 | D:2      | Reached XP level 5. HP: 47/47 MP: 2/5
  1219 | D:2      | Got the Handbook of the Enthralling Rocks
  1313 | D:2      | Noticed Sigmund
  1349 | D:2      | Slain by Sigmund

Illustrated notes

Levels and vault maps discovered:
D:1:      amcnicky_arrival_choice, layout_rooms
D:2:      layout_loops_ring, basic_ecumenical_altar, uniq_sigmund,
          uniq_crazy_yiuf_cottage

Skill      XL: |  1  2  3 |
---------------+----------+-----
Invocations    | 1 |  1.7
Fighting       | 4 |  4.4
Armour         | 1 |  1.4
Dodging        | 3 |  3.1
Unarmed Combat | 4 |  4.3
Stealth        | |  2.1

Action                   |  1- 3 |  4- 6 || total
-------------------------+-------+-------++-------
Melee: Unarmed           |   124 |    52 ||   176
       Punch             |     4 |       ||     4
  Use: Scroll            |       |     2 ||     2
 Stab: Distracted        |     1 |       ||     1
Armor: Robe              |     5 |       ||     5
       Plate armour      |    62 |    38 ||   100
Dodge: Dodged            |    39 |    14 ||    53

Table legend: (Time is in decaauts)
 A = Elapsed time spent in this place.
 B = Non-inter-level travel time spent in this place.
 C = Inter-level travel time spent in this place.
 D = Time resting spent in this place.
 E = Time spent auto-exploring this place.
 F = Levels seen in this place.
 G = Mean time per level.
                   A        B        C        D        E       F      G
               +--------+--------+--------+--------+--------+-----+--------+
         Total |   1336 |   1291 |     45 |    193 |    753 |   2 |  668.0 |
       Dungeon |   1336 |   1291 |     45 |    193 |    753 |   2 |  668.0 |
               +--------+--------+--------+--------+--------+-----+--------+

Top non-repeatable levels by time:
     D:1: 778 daAuts
     D:2: 558 daAuts
